 Dungeon Crawl Stone Soup version 0.22.1-1-ga44c0e5 (webtiles) character file.

46 Typee the Sneak (level 3, -2/24 HPs)
             Began as a Vampire Enchanter on Oct 28, 2018.
             Slain by an adder (5 damage)
             ... on level 2 of the Dungeon.
             The game lasted 00:06:03 (1819 turns).

Typee the Sneak (Vampire Enchanter)                 Turns: 1819, Time: 00:06:04

Health: -2/24      AC:  2    Str:  7    XL:     3   Next: 44%
Magic:  1/7        EV: 13    Int: 17    God:
Gold:   56         SH:  0    Dex: 15    Spells: 0/6 levels left

rFire    . . .     SeeInvis +   a - +1 dagger
rCold    + . .     Gourm    .   (no shield)
rNeg     + . .     Faith    .   b - +0 robe
rPois    .         Spirit   .   (helmet restricted)
rElec    .         Reflect  .   (no cloak)
rCorr    .         Harm     .   (no gloves)
MR       .....                  (no boots)
Stlth    +++.......             (no amulet)
HPRegen  0.08/turn              f - ring of protection from cold
MPRegen  0.10/turn              (no ring)

@: lethally poisoned (-2 -> -5), hasted, very quick
A: fangs 3, horns 2, see invisible, blink, high mp 1, unbreathing
a: Bat Form, Blink


You were on level 2 of the Dungeon.
You were not thirsty.

You visited 1 branch of the dungeon, and saw 2 of its levels.

You collected 56 gold pieces.

Inventory:

Hand Weapons
 a - a +1 dagger (weapon)
Armour
 b - a +0 robe (worn)
Jewellery
 f - a ring of protection from cold (left hand)
Scrolls
 e - 4 scrolls of remove curse
 g - a scroll of fear {unknown}
 h - a scroll of teleportation {unknown}
 j - a scroll of magic mapping {unknown}
Potions
 c - a potion of haste
 d - 11 potions of blood


   Skills:
 + Level 2.0 Short Blades
 - Level 2.1 Dodging
 + Level 5.1 Stealth
 + Level 2.4 Spellcasting
 + Level 5.0 Hexes


You couldn't memorise any spells.
You knew the following spells:

 Your Spells              Type           Power        Failure   Level  Hunger
a - Corona                Hex            ###....      2%          1    #......
b - Ensorcelled Hibernat  Hex/Ice        ##....       10%         2    ##.....
c - Confuse               Hex            ###.....     7%          3    ###....

Your spell library contained the following spells:

 Spells                   Type           Power        Failure   Level  Hunger
 Tukima's Dance           Hex            ###.....     7%          3    ###....
 Dazzling Spray           Conj/Hex       ##....       21%         3    ###....


Dungeon Overview and Level Annotations

Branches:
Dungeon (2/15)

Altars:


Innate Abilities, Weirdness & Mutations

You have razor-sharp teeth.
You have supernaturally acute eyesight. (SInv)
You can survive without breathing.
You have a pair of horns on your head.
You can translocate small distances at will.
You have an increased reservoir of magic. (+10% MP)


Message History

You hit the quokka but do no damage.
The quokka is severely wounded.
The quokka bites you.
* * * LOW HITPOINT WARNING * * *
The adder misses you.
You closely miss the quokka.
The quokka is severely wounded.
The quokka closely misses you.
You hit the quokka.
You kill the quokka!
The adder bites you.
* * * LOW HITPOINT WARNING * * *
You are lethally poisoned!
The adder poisons you!
It was a potion of mutation.
You feel extremely strange.
You feel more energetic. A pair of horns grows on your head!
You feel jittery. The horns on your head grow some more.
* * * LOW HITPOINT WARNING * * *
You feel sick. The adder bites you.
You die...

#......... #
#......... #.
#......... ..
#......#
#.#......#
#....#.....# ...
####.# ###.# #...
#†# #..######@#
#..#....S.#
##..#.######
...#.#....#.# ###
###.#........# #.+
#.......#.######.#
#.#.#####.#......#
#.# #.#.####.#
#.#####.#.##<..###


You could see an adder.

Vanquished Creatures
  An ooze (D:1)
  4 leopard geckos (D:1)
  3 giant cockroaches (D:1)
  3 hobgoblins (D:1)
  4 jackals (D:1)
  2 kobolds (D:1)
  A quokka (D:2)
  5 bats (D:1)
  2 frilled lizards (D:1)
  4 goblins
  4 rats (D:1)
33 creatures vanquished.

Notes
Turn   | Place    | Note
-------+----------+-------------------------------------------
     0 | D:1      | Typee the Vampire Enchanter began the quest for the Orb.
     0 | D:1      | Reached XP level 1. HP: 13/13 MP: 3/3
   388 | D:1      | Reached XP level 2. HP: 12/19 MP: 5/5
   850 | D:1      | Learned a level 2 spell: Ensorcelled Hibernation
   950 | D:1      | Reached skill level 5 in Stealth
  1014 | D:1      | Reached XP level 3. HP: 24/24 MP: 3/6
  1019 | D:1      | Learned a level 3 spell: Confuse
  1483 | D:1      | Reached skill level 5 in Hexes
  1819 | D:2      | Gained mutation: You have an increased reservoir of magic.
                  | (+10% MP) [potion of mutation]
  1819 | D:2      | Gained mutation: You have a pair of small horns on your
                  | head. [potion of mutation]
  1819 | D:2      | Gained mutation: You can translocate small distances at
                  | will. [potion of mutation]
  1819 | D:2      | Gained mutation: You have a pair of horns on your head.
                  | [potion of mutation]
  1819 | D:2      | Slain by an adder

Skill      XL: |  1  2  3 |
---------------+----------+-----
Stealth        | 5 |  5.1
Hexes          | 5 |  5.0
Short Blades   | 2 |  2.0
Dodging        | |  2.1
Spellcasting   | |  2.4

Action                   || total
-------------------------++-------
Melee: Dagger            ||   105
       Bite              ||     5
 Cast: Corona            ||     9
       Ensorcelled Hiber ||    12
  Use: Potion            ||     4
       Scroll            ||     1
 Stab: Sleeping          ||    14
Armor: Robe              ||    26
Dodge: Dodged            ||    69
